 Dungeon Crawl Stone Soup version 0.24-a0-769-g368c1644f8 (webtiles) character file.

Game seed: 15949383053882474703, levelgen mode: deterministic

704 Masnef the Cudgeler (level 7, 0/38 HPs)
             Began as a Kobold Fighter on Oct 4, 2019.
             Was an Initiate of Okawaru.
             Slain by a sky beast (5 damage)
             ... on level 6 of the Dungeon.
             The game lasted 00:13:14 (6839 turns).

Masnef the Cudgeler (Kobold Fighter)                Turns: 6839, Time: 00:13:16

Health: 0/38       AC:  8    Str: 15 (16) XL:     7   Next: 99%
Magic:  7/7        EV:  9    Int:  8 (9)  God:    Okawaru [......]
Gold:   176        SH:  9    Dex: 11 (14) Spells: 6/6 levels left

rFire    . . .     SeeInvis .   a - +0 flail
rCold    . . .     Gourm    .   c - +0 shield
rNeg     . . .     Faith    .   b - +0 scale mail
rPois    .         Spirit   .   (no helmet)
rElec    .         Reflect  .   (no cloak)
rCorr    .         Harm     .   (no gloves)
MR       .....                  w - +0 pair of boots
Stlth    ..........             (no amulet)
HPRegen  0.12/turn              (no ring)
MPRegen  0.10/turn              (no ring)

@: no status effects
A: small, carnivore, deterioration 1, frail 1, high mp 1
a: Renounce Religion


You were on level 6 of the Dungeon.
You worshipped Okawaru.
Okawaru was noncommittal.
You were not hungry.

You visited 2 branches of the dungeon, and saw 7 of its levels.
You also visited: Sewer.

You collected 214 gold pieces.
You spent 38 gold pieces at shops.

Inventory:

Hand Weapons
 a - a +0 flail (weapon)
Armour
 b - a +0 scale mail (worn)
 c - a +0 shield (worn)
 w - a +0 pair of boots (worn)
Wands
 r - a wand of flame (21)
Scrolls
 d - 2 scrolls of teleportation
 g - 2 scrolls of identify
 h - a scroll of fog
 i - 2 scrolls of noise {unknown}
 j - 4 scrolls of remove curse
 m - a scroll of amnesia
 n - 2 scrolls of magic mapping {unknown}
 p - 2 scrolls of blinking {unknown}
 s - 2 scrolls of fear
 u - a scroll of immolation {unknown}
 v - 2 scrolls of enchant weapon {unknown}
 x - a scroll of enchant armour {unknown}
Potions
 e - a potion of invisibility
 k - a potion of mutation
 o - a potion of magic
 q - 6 potions of heal wounds
Comestibles
 f - 10 rations


   Skills:
 + Level 4.0 Fighting
 + Level 6.5 Maces & Flails
 + Level 3.2 Armour
 + Level 1.7 Dodging
 + Level 3.0 Shields


You had 6 spell levels left.
You didn't know any spells.
Your spell library contained the following spells:

 Spells                   Type           Power        Failure   Level  Hunger
 Animate Skeleton         Necr           N/A          100%        1    ##.....
 Pain                     Necr           #...         100%        1    ##.....
 Regeneration             Chrm/Necr      #.........   100%        3    ####...
 Vampiric Draining        Necr           #.........   100%        3    ####...
 Animate Dead             Necr           N/A          100%        4    #####..


Dungeon Overview and Level Annotations

Branches:
Dungeon (6/15)             Temple (1/1) D:4           Sewer (visited)

Altars:
Ashenzari
Cheibriados
Elyvilon
Fedhas
Gozag
Hepliaklqana
Makhleb
Nemelex Xobeh
Okawaru
Qazlal
Ru
Sif Muna
Uskayaw
Wu Jian
Yredelemnul
Zin
The Shining One

Shops:
D:4 (   D:5 %([?[

Annotations:
D:3 exclusion: orc wizard


Innate Abilities, Weirdness & Mutations

You are small and have problems with some larger weapons.
You are carnivorous and can eat meat at any time.
Your body sometimes deteriorates upon taking damage.
You are frail. (-10% HP)
You have an increased reservoir of magic. (+10% MP)


Message History

The sky beast barely misses you.
You sock the sky beast!
The sky beast is heavily wounded.
The sky beast flickers out of sight!
Deactivating autopickup; reactivate with Ctrl-A.
You block something's attack.
Your shield and scale mail prevent you from hitting something.
A sky beast appears from thin air!
Reactivating autopickup.
The sky beast closely misses you.
You sock the sky beast!
The sky beast is almost dead.
You block the sky beast's attack.
You hit the sky beast but do no damage.
The sky beast is almost dead.
The sky beast hits you.
* * * LOW HITPOINT WARNING * * *
Your body deteriorates!
You feel clumsy. The sky beast shocks you.
You die...

###.######....
..#.......#.. #.#.##
.. ##.#.## .#
##.###.###.###.## #.##
##.........# #
##.###.##..###..
.####.#######.#.###.##
.........(.Y@.......#
{..........#######..#
...#.####### #..# . ..
#.รท## #. # #...# #
##.########..#
.............#
........###..#
..#####.# #..#


You could see a sky beast.

Vanquished Creatures
  Sigmund (D:2)
  A centaur (D:5)
  2 crimson imps (D:5)
  An orc priest (D:5)
  A hound (D:5)
  An orc wizard (D:3)
  An iguana (D:6)
  Terence (D:2)
  2 worker ants
  A worker ant zombie (D:5)
  8 adders
  3 gnolls (D:5)
  An ooze (Sewer)
  2 worms
  2 dart slugs
  2 leopard geckos
  8 orcs
  5 bats
  3 giant cockroaches
  3 goblins (D:1)
  3 hobgoblins
  A quokka (D:3)
  5 ball pythons
  3 frilled lizards
  20 kobolds
  A leopard gecko skeleton (D:4)
  10 rats
92 creatures vanquished.

Notes
Turn   | Place    | Note
-------+----------+-------------------------------------------
     0 | D:1      | Masnef the Kobold Fighter began the quest for the Orb.
     0 | D:1      | Reached XP level 1. HP: 14/14 MP: 1/1
    30 | D:1      | Reached skill level 2 in Maces & Flails
   128 | D:1      | Reached XP level 2. HP: 19/19 MP: 2/2
   891 | D:2      | Noticed Terence
   901 | D:2      | Killed Terence
   901 | D:2      | Reached skill level 3 in Maces & Flails
   901 | D:2      | Reached XP level 3. HP: 16/23 MP: 3/3
  1078 | D:2      | Reached XP level 4. HP: 28/28 MP: 4/4
  1128 | D:2      | Noticed Sigmund
  1130 | D:2      | Gained mutation: You are frail. (-10% HP) [potion of
                  | mutation]
  1130 | D:2      | Gained mutation: Your body sometimes deteriorates upon
                  | taking damage. [potion of mutation]
  1130 | D:2      | Gained mutation: You have an increased reservoir of magic.
                  | (+10% MP) [potion of mutation]
  1147 | D:2      | Killed Sigmund
  1147 | D:2      | Reached skill level 5 in Maces & Flails
  1147 | D:2      | Reached XP level 5. HP: 9/28 MP: 5/5
  1147 | D:2      | Reached XP level 6. HP: 11/33 MP: 6/6
  2007 | D:3      | Found a glowing drain.
  2029 | Sewer    | Entered a sewer
  2730 | D:3      | Found an opulent altar of Gozag.
  3160 | D:3      | Found a shimmering blue altar of Sif Muna.
  3182 | D:3      | Reached skill level 1 in Dodging
  3517 | D:3      | Reached XP level 7. HP: 36/36 MP: 7/7
  3729 | D:4      | Found Cuhig's Antique Weapon Boutique.
  3918 | D:4      | Found a stormy altar of Qazlal.
  3988 | D:4      | Found a staircase to the Ecumenical Temple.
  3999 | Temple   | Entered the Ecumenical Temple
  4142 | Temple   | Became a worshipper of Warmaster Okawaru
  4198 | D:4      | Reached skill level 6 in Maces & Flails
  4467 | D:5      | Entered Level 5 of the Dungeon
  4805 | D:5      | Found Guoruvoi's Antique Armour Shop.
  4811 | D:5      | Found Plog's Magic Scroll Boutique.
  4821 | D:5      | Found a shimmering blue altar of Sif Muna.
  4824 | D:5      | Bought a scroll of fear for 38 gold pieces
  5093 | D:5      | Found Iwnergh's Antique Armour Shop.
  5100 | D:5      | Found a white marble altar of Elyvilon.
  5423 | D:5      | Found Tyqomaj's Weapon Boutique.
  5538 | D:5      | Found Ihiuf's Food Boutique.
  5996 | D:5      | Found a hide-covered altar of Uskayaw.
  5999 | D:5      | Found a sacrificial altar of Ru.
  6000 | D:5      | Found a blossoming altar of Fedhas.
  6839 | D:6      | Slain by a sky beast

Levels and vault maps discovered:
D:1:      dpeg_arrival_boxorama, layout_basic, minmay_misc_feat_cross
D:2:      layout_loops_ring, first_ration, uniq_terence, uniq_sigmund
D:3:      layout_basic, lemuel_doored_altar, led_sif_book, portal_sewer_entry_d
D:4:      layout_basic, kennysheep_mini, minmay_temple_entry_wispy,
          serial_shops, shop
D:5:      layout_rooms, overflow_temple_1_default, grunt_temple_overflow_open,
          basic_altar, serial_shops, shop, shop, shop_scrolls, shop,
          nicolae_shop_crystal
D:6:      layout_loops_ring, minmay_chambers_of_fives
Temple:   minmay_temple_curvy_branch

Skill      XL: |  1  2  3  4  5  6  7 |
---------------+----------------------+-----
Maces & Flails | 2 3 5 6 |  6.5
Dodging        | 1 |  1.7
Armour         | 3 |  3.2
Shields        | 3 |  3.0
Fighting       | 4 |  4.0

Action                   |  1- 3 |  4- 6 |  7- 9 || total
-------------------------+-------+-------+-------++-------
Melee: Flail             |    72 |   197 |   178 ||   447
  Use: Potion            |       |     3 |     5 ||     8
       Scroll            |       |     5 |     4 ||     9
 Stab: Invisible         |       |     1 |       ||     1
  Eat: Chunk             |     2 |    11 |    10 ||    23
Armor: Scale mail        |    40 |    92 |    51 ||   183
Dodge: Dodged            |    25 |    87 |    53 ||   165
Block: Shield            |    47 |    94 |    82 ||   223

Table legend:
 A = Non-vault XP
 B = Vault XP
 C = Vault XP percentage of total XP
 D = Non-vault monster count
 E = Vault monster count
 F = Vault count percentage of total count
                 A         B        C        D         E       F
            +---------+---------+-------+---------+---------+-------
      Total |     642 |     365 |  36.2 |      64 |      28 |  30.4
            +---------+---------+-------+---------+---------+-------
        D:1 |      25 |       0 |   0.0 |      15 |       0 |   0.0
        D:2 |      60 |     274 |  82.0 |      13 |       2 |  13.3
        D:3 |      71 |      53 |  42.7 |      16 |       2 |  11.1
        D:4 |      60 |       0 |   0.0 |       7 |       0 |   0.0
        D:5 |     386 |       0 |   0.0 |      11 |       0 |   0.0
        D:6 |      40 |       0 |   0.0 |       2 |       0 |   0.0
      Sewer |       0 |      38 | 100.0 |       0 |      24 | 100.0
            +---------+---------+-------+---------+---------+-------
